 Dungeon Crawl Stone Soup version 0.31-a0-259-g771a54ca4b (webtiles) character file.

Game seed: 16446398780697398483

230 qw the Shooter (level 6, -2/37 HPs)
             Began as a Gargoyle Hexslinger on July 13, 2023.
             Slain by a gnoll
             ... wielding a +0 spear
              (6 damage)
             ... on level 4 of the Dungeon.
             The game lasted 00:01:08 (2218 turns).

qw the Shooter (Gargoyle Hexslinger)                Turns: 2218, Time: 00:01:08

Health: -2/37      AC:  8    Str: 12    XL:     6   Next: 3%
Magic:  7/7        EV: 12    Int: 13    God:
Gold:   70         SH:  5    Dex: 14    Spells: 6/7 levels left

rFire   . . .        k - +0 shortbow
rCold   . . .        (shield currently unavailable)
rNeg    + . .        j - +1 robe {Will+}
rPois   inf          l - +0 helmet
rElec   +            (no cloak)
rCorr   .            (no gloves)
SInv    +            (no boots)
Will    +....        b - amulet of reflection
Stlth   +            f - ring of see invisible
HPRegen 0.26/turn    (no ring)
MPRegen 0.10/turn

%: reflection
@: no status effects
A: sickness immunity, AC +4, negative energy resistance 1, electricity
resistance, torment resistance 1, petrification resistance
a: no special abilities


You were on level 4 of the Dungeon.
You visited 1 branch of the dungeon, and saw 4 of its levels.

You collected 118 gold pieces.
You spent 48 gold pieces at shops.


Innate Abilities, Weirdness & Mutations

You are immune to sickness and miasma.
Your stone body is resilient. (AC +4)
You are immune to poison.
You resist negative energy. (rN+)
You are resistant to electric shocks. (rElec)
You are resistant to unholy torment.
You are immune to petrification.


   Skills:
 - Level 3.3 Fighting
 + Level 5.2 Ranged Weapons
 - Level 1.5 Dodging
 - Level 1.0 Spellcasting
 - Level 2.6 Hexes


You had 6 spell levels left.
You knew the following spells:

 Your Spells              Type           Power      Damage    Failure   Level
a - Slow                  Hex            28%        N/A       10%         1

Your spell library contained the following spells:

 Spells                   Type           Power      Damage    Failure   Level
 Inner Flame              Hex/Fire       4%         N/A       43%         3
 Portal Projectile        Hex/Tloc       8%         N/A       43%         3
 Cause Fear               Hex            3%         N/A       67%         4

Inventory:

Hand Weapons
 k - a +0 shortbow (weapon)
Armour
 d - a +1 helmet
 h - a +0 ring mail
 j - a +1 robe of willpower (worn)
 l - a +0 helmet (worn)
Jewellery
 b - an amulet of reflection (around neck)
 f - a ring of see invisible (left hand)
Potions
 a - a potion of might {unknown}
 c - a potion of brilliance {unknown}
 e - 2 potions of curing
 g - a potion of magic {unknown}
 i - a potion of berserk rage {unknown}
 m - a potion of heal wounds {unknown}

Dungeon Overview and Level Annotations

Branches:
Dungeon (4/15)
 Temple: D:4-7

Altars:
Elyvilon
Wu Jian

Shops:
D:3 *

Annotations:
D:4 Eustachio


Message History

The gnoll hits you from afar with a +0 spear.
You block the gnoll's attack.
You shoot an arrow. The arrow barely misses the quokka.
The arrow hits the gnoll.
The gnoll is lightly wounded.
You block the quokka's attack. The gnoll barely misses you.
The gnoll hits you from afar with a +0 spear.
The crimson imp blinks!
The quokka closely misses you.
You shoot an arrow. The arrow hits the crimson imp.
The crimson imp is heavily wounded.
Eustachio gestures wildly while chanting.
Eustachio blinks!
The gnoll hits you but does no damage. The gnoll barely misses you.
The crimson imp closely misses you. You block the quokka's attack.
The gnoll hits you from afar with a +0 spear.
The gnoll barely misses you.
You shoot an arrow. The arrow hits the crimson imp.
The crimson imp is almost dead.
The quokka closely misses you. You block the crimson imp's attack.
The gnoll hits you but does no damage. You block the gnoll's attack.
A ball python comes into view.
The quokka bites you.
You shoot an arrow. The arrow hits the crimson imp.
The crimson imp is almost dead.
The crimson imp blinks!
The quokka bites you but does no damage.
The gnoll closely misses you. Eustachio hits you with a +0 rapier.
The gnoll closely misses you.
You shoot an arrow. The arrow misses Eustachio.
The crimson imp blinks!
The quokka closely misses you.
The gnoll hits you from afar with a +0 spear.
The gnoll hits you with a +0 flail.
The gnoll hits you from afar with a +0 spear.
Eustachio hits you but does no damage.
The crimson imp blinks!
You shoot an arrow. The arrow hits Eustachio!
Eustachio is moderately wounded.
The quokka closely misses you. The gnoll hits you but does no damage.
You block the gnoll's attack.
The gnoll hits you from afar with a +0 spear.
You die...

## ## #.###. ###
..#.....##.##
...#...#....# .
...#...5....# ##.. ..
....ยค......# .....
...###.........#....#
................@.g...#
#..............@grg..>#
.............##.5.S##...
.~...#........#..##.# .
......................
.~..........##.#...#...
...............#..## ...
#.........####..#... ...
%.......#.## ... .


You could see Eustachio, 3 gnolls, a crimson imp (summoned), a shadow imp
(summoned), a quokka (summoned) and a ball python.

Vanquished Creatures
  A hound (D:4)
  A jelly (D:4)
  A sleepcap (D:4)
  An orc wizard (D:2)
  3 adders (D:2)
  2 worms (D:2)
  A dart slug (D:3)
  8 orcs
  2 ball pythons
  3 bats
  12 endoplasms
  3 giant cockroaches
  11 goblins
  7 hobgoblins
  5 kobolds
  6 quokkas
  3 frilled lizards
  4 rats
74 creatures vanquished.

Notes
Turn   | Place    | Note
-------+----------+-------------------------------------------
     0 | D:1      | qw the Gargoyle Hexslinger began the quest for the Orb.
     0 | D:1      | Reached XP level 1. HP: 12/12 MP: 2/2
     0 | D:1      | 0 ||| qw: Version: 0.3-a-52-g30416fa
     0 | D:1      | 0 ||| qw: Game counter: 6842
     0 | D:1      | 0 ||| qw: Melee chars always use a shield: true
     0 | D:1      | 0 ||| qw: God list: Okawaru
     0 | D:1      | 0 ||| qw: Allow faded altars: false
     0 | D:1      | 0 ||| qw: Do Orc after clearing Dungeon:15 true
     0 | D:1      | 0 ||| qw: Do second Lair branch before Depths: true
     0 | D:1      | 0 ||| qw: Lair rune preference: random
     0 | D:1      | 0 ||| qw: Goals: Normal
     0 | D:1      | 0 ||| PLANNING D:1-11
    51 | D:1      | Reached XP level 2. HP: 8/16 MP: 3/3
   115 | D:1      | Reached skill level 3 in Ranged Weapons
   272 | D:1      | Reached XP level 3. HP: 21/21 MP: 4/4
   379 | D:1      | 379 ||| UPGRADING to +0 leather armour.
   389 | D:1      | 389 ||| DROPPING +0 robe.
   390 | D:1      | 390 ||| UPGRADING to ring of see invisible.
   391 | D:1      | 391 ||| DROPPING scroll of poison.
   523 | D:2      | 523 ||| FLEEEEING.
   735 | D:2      | Found an ornate altar of the Wu Jian Council.
   852 | D:2      | Reached skill level 4 in Ranged Weapons
   852 | D:2      | Reached XP level 4. HP: 26/26 MP: 5/5
  1229 | D:2      | 1229 ||| DROPPING scarf of harm.
  1230 | D:2      | 1230 ||| UPGRADING to +1 robe of willpower.
  1240 | D:2      | 1240 ||| UPGRADING to amulet of reflection.
  1245 | D:2      | 1245 ||| READING scroll labelled ZAM ISERAMAOSE.
  1256 | D:3      | 1256 ||| STAIRDANCE
  1289 | D:3      | 1289 ||| STAIRDANCE
  1321 | D:3      | 1321 ||| STAIRDANCE
  1337 | D:3      | Found Zuikk's Assorted Antiques.
  1345 | D:3      | 1345 ||| SHOPLISTING embroidered cloak (202 gold, have 94).
  1345 | D:3      | 1345 ||| BUYING purple potion (24 gold).
  1345 | D:3      | Bought a purple potion for 24 gold pieces
  1345 | D:3      | 1345 ||| SHOPLISTING silver wand (108 gold, have 70).
  1345 | D:3      | 1345 ||| BUYING smoky yellow potion (24 gold).
  1345 | D:3      | Bought a smoky yellow potion for 24 gold pieces
  1354 | D:3      | Reached XP level 5. HP: 30/30 MP: 6/6
  1363 | D:3      | Found a white marble altar of Elyvilon.
  1545 | D:3      | 1545 ||| SWAPPING to +0 shortbow.
  1548 | D:3      | 1548 ||| DROPPING +1 sling.
  1639 | D:3      | Reached skill level 5 in Ranged Weapons
  2059 | D:3      | 2059 ||| DROPPING +0 leather armour.
  2060 | D:3      | 2060 ||| UPGRADING to +0 helmet.
  2065 | D:3      | 2065 ||| DRINKING 3 purple potions.
  2131 | D:4      | Reached skill level 3 in Fighting
  2143 | D:4      | Reached XP level 6. HP: 26/37 MP: 7/7
  2204 | D:4      | Noticed Eustachio
  2217 | D:4      | HP: 8/37 [gnoll/+0 flail (6)]
  2218 | D:4      | Slain by a gnoll

Levels and vault maps discovered:
D:1:      tarquinn_simple_flora_water_e, layout_rooms
D:2:      layout_basic, basic_altar
D:3:      layout_loops_ring, elyvilon_altar_5, serial_shops,
          nicolae_diamond_shop, nicolae_houndstooth_variations
D:4:      layout_cave_pools, general_overflow_altar, minmay_temple_entry_hall,
          nicolae_kite_square_tiling_tiny, uniq_duvessa, uniq_eustachio

Skill      XL: |  1  2  3  4  5 |
---------------+----------------+-----
Ranged Weapons | 3 4 5 |  5.2
Fighting       | 2 3 |  3.3
Dodging        | |  1.5
Spellcasting   | |  1.0
Hexes          | |  2.6

Action                     |  1- 3 |  4- 6 || total
---------------------------+-------+-------++-------
   Fire: Sling             |   127 |    58 ||   185
         Shortbow          |       |   105 ||   105
    Use: Scroll            |       |     1 ||     1
         Potion            |       |     1 ||     1
 Armour: Robe              |     9 |    28 ||    37
         Leather armour    |    21 |     7 ||    28
  Dodge: Dodged            |    49 |    55 ||   104
  Block: Other             |       |    29 ||    29
         Reflection        |       |     1 ||     1

Table legend:
 A = Non-vault XP
 B = Vault XP
 C = Vault XP percentage of total XP
 D = Non-vault monster count
 E = Vault monster count
 F = Vault count percentage of total count
                 A         B        C        D         E       F
            +---------+---------+-------+---------+---------+-------
      Total |     329 |       0 |   0.0 |      74 |       0 |   0.0
            +---------+---------+-------+---------+---------+-------
        D:1 |      39 |       0 |   0.0 |      21 |       0 |   0.0
        D:2 |     116 |       0 |   0.0 |      24 |       0 |   0.0
        D:3 |      51 |       0 |   0.0 |      23 |       0 |   0.0
        D:4 |     123 |       0 |   0.0 |       6 |       0 |   0.0
            +---------+---------+-------+---------+---------+-------
